 Dungeon Crawl Stone Soup version 0.28-a0-537-g3bccd9ccbf (webtiles) character file.

Game seed: 16839860165215017737

44 Tocho the Skirmisher (level 3, -2/30 HPs)
             Began as a Demonspawn Abyssal Knight on Sept 27, 2021.
             Was a Follower of Lugonu.
             Succumbed to Robin's poison
             ... on level 2 of the Dungeon.
             The game lasted 00:02:26 (2977 turns).

Tocho the Skirmisher (Demonspawn Abyssal Knight)    Turns: 2977, Time: 00:02:26

Health: -2/30      AC:  3    Str: 14    XL:     3   Next: 41%
Magic:  4/4        EV: 11    Int: 11    God:    Lugonu [*.....]
Gold:   24         SH:  0    Dex: 13    Spells: 2/2 levels left

rFire   . . .      SeeInvis .   a - +1 falchion
rCold   . . .      Faith    .   (no shield)
rNeg    . . .      Spirit   .   b - +0 leather armour
rPois   .          Reflect  .   (no helmet)
rElec   .          Harm     .   (no cloak)
rCorr   .          Rampage  .   (no gloves)
Will    .....                   (no boots)
Stlth   +.........              (no amulet)
HPRegen 0.10/turn               (no ring)
MPRegen 0.09/turn               (no ring)

@: lethally poisoned (-2 -> -28)
A: demonic guardian 1
a: Renounce Religion, Depart the Abyss


You were on level 2 of the Dungeon.
You worshipped Lugonu.
Lugonu was aware of your devotion.
You visited 1 branch of the dungeon, and saw 2 of its levels.
You visited the Abyss 1 time.

You collected 24 gold pieces.

Inventory:

Hand Weapons
 a - a +1 falchion (weapon)
Missiles
 f - 6 atropa-tipped darts
Armour
 b - a +0 leather armour (worn)
Jewellery
 d - a ring of protection from fire


   Skills:
 * Level 3.6 Fighting
 * Level 2.5 Long Blades
 + Level 2.1 Armour
 + Level 0.9 Dodging
 + Level 0.6 Stealth
 + Level 2.4 Invocations


You had 2 spell levels left.
You didn't know any spells.
Your spell library was empty.

Dungeon Overview and Level Annotations

Branches:
Dungeon (2/15)

Altars:

Shops:
D:1 (

Annotations:
D:2 Robin


Innate Abilities, Weirdness & Mutations

A weak demonic guardian rushes to your aid.


Message History

There is a stone staircase leading up, spattered with blood here.
The goblin closely misses you.
You climb upwards.
There is a stone staircase leading down here.
You hit the goblin.
The goblin is moderately wounded.
The goblin hits you but does no damage.
You miss the goblin.
The goblin is moderately wounded.
The goblin hits you with a +0 dagger.
You hit the goblin.
You kill the goblin!
Lugonu accepts your kill.
You see here a +0 dagger.
You see here a +0 dagger.
There is a stone staircase leading down here.
You start resting.
HP restored.
You start waiting.
Done waiting.
You climb downwards.
Level annotation: Robin
There is a stone staircase leading up, spattered with blood here.
Robin hits you with a +2 short sword of venom.
You are poisoned.
You closely miss Robin.
You feel very sick.
Robin hits you with a +2 short sword of venom.
You are lethally poisoned!
You closely miss Robin.
You feel very sick. Robin barely misses you.
You barely miss Robin.
You feel very sick.
Robin hits you with a +2 short sword of venom.
* * * LOW HITPOINT WARNING * * *
A demonic guardian appears!
You are more poisoned.
Robin barely misses you.
You die...

# #. ### #.
#. ..
#.##.#####.#
#..........#
#.........#
###...(.....#
............#
#....g.@5..#
.........)#.#
.#.....####
##.... #####


You could see Robin (ally target) and a friendly shadow imp (summoned).

Vanquished Creatures
  A dart slug (D:1)
  3 ball pythons (D:1)
  3 endoplasms (D:1)
  2 giant cockroaches (D:1)
  7 hobgoblins (D:1)
  4 kobolds (D:1)
  2 quokkas (D:1)
  A frilled lizard (D:1)
  6 goblins (D:1)
  4 rats (D:1)
33 creatures vanquished.

Vanquished Creatures (collateral kills)
  2 goblins
2 creatures vanquished.

Grand Total: 35 creatures vanquished

Notes
Turn   | Place    | Note
-------+----------+-------------------------------------------
     0 | Abyss:1  | Tocho the Demonspawn Abyssal Knight began the quest for the
                  | Orb.
     0 | Abyss:1  | Reached XP level 1. HP: 18/18 MP: 2/2
     0 | D:1      | Escaped the Abyss
    14 | D:1      | Noticed an ice dragon
    16 | D:1      | Noticed an iron dragon
    16 | D:1      | Noticed a tentacled monstrosity
    18 | D:1      | Noticed a yellow draconian
    19 | D:1      | Noticed a red draconian
    20 | D:1      | Noticed a tentacled monstrosity
    22 | D:1      | Noticed an iron dragon
    24 | D:1      | Noticed a tentacled monstrosity
    24 | D:1      | Noticed a large abomination
    26 | D:1      | Noticed an iron dragon
    28 | D:1      | Noticed a tentacled monstrosity
    28 | D:1      | Noticed an ice dragon
    28 | D:1      | Noticed a green draconian
    30 | D:1      | Noticed an ice dragon
    30 | D:1      | Noticed a tentacled monstrosity
    30 | D:1      | Noticed an ice dragon
    32 | D:1      | Noticed a large abomination
    34 | D:1      | Noticed a green draconian
   355 | D:1      | Reached * piety under Lugonu
   392 | D:1      | Gained mutation: A weak demonic guardian rushes to your
                  | aid. [demonic ancestry]
   392 | D:1      | Reached XP level 2. HP: 24/24 MP: 3/3
   709 | D:1      | Found Uzasys's Antique Weapon Boutique.
   944 | D:1      | Found a faded altar of an unknown god.
  1570 | D:2      | Noticed Robin
  1579 | D:1      | Reached XP level 3. HP: 18/29 MP: 4/4
  2977 | D:2      | Succumbed to Robin's poison

Illustrated notes

Levels and vault maps discovered:
D:1:      shiori_arrival_whats_in_store_for_you, layout_loops_corners,
          serial_shops, shop, basic_ecumenical_altar
D:2:      layout_loops_ring, uniq_robin

Skill      XL: |  1  2 |
---------------+-------+-----
Long Blades    | 2 |  2.5
Armour         | 2 |  2.1
Fighting       | |  3.6
Dodging        | |  0.9
Stealth        | |  0.6
Invocations    | |  2.4

Action                   || total
-------------------------++-------
Melee: Falchion          ||   116
Invok: Depart the Abyss  ||     1
  Use: Scroll            ||     1
       Potion            ||     1
 Stab: Sleeping          ||     2
Armor: Leather armour    ||    30
Dodge: Dodged            ||    77

Table legend: (Time is in decaauts)
 A = Elapsed time spent in this place.
 B = Non-inter-level travel time spent in this place.
 C = Inter-level travel time spent in this place.
 D = Time resting spent in this place.
 E = Time spent auto-exploring this place.
 F = Levels seen in this place.
 G = Mean time per level.
                   A        B        C        D        E       F      G
               +--------+--------+--------+--------+--------+-----+--------+
         Total |   3018 |   2970 |     48 |   1323 |   1354 |   3 | 1006.0 |
       Dungeon |   3018 |   2970 |     48 |   1323 |   1354 |   2 | 1509.0 |
         Abyss |      0 |      0 |      0 |      0 |      0 |   1 |    0.0 |
               +--------+--------+--------+--------+--------+-----+--------+

Top non-repeatable levels by time:
     D:1: 3001 daAuts
     D:2: 17 daAuts
